 Dungeon Crawl Stone Soup version 0.29-a0-885-gb26ba3297d (webtiles) character file.

Game seed: 17971243256937664232

96 jimonade the Shooter (level 4, -2/26 HPs)
             Began as a Deep Elf Hunter on July 21, 2022.
             Was an Initiate of Vehumet.
             Succumbed to a scorpion's poison
             ... on level 3 of the Dungeon.
             The game lasted 00:03:37 (2440 turns).

jimonade the Shooter (Deep Elf Hunter)              Turns: 2440, Time: 00:03:39

Health: -2/26      AC:  4    Str: 10    XL:     4   Next: 41%
Magic:  9/9        EV: 12    Int: 14    God:    Vehumet [......]
Gold:   147        SH:  0    Dex: 18    Spells: 7/7 levels left

rFire   . . .      SeeInvis .   a - +0 shortbow
rCold   . . .      Faith    .   (shield currently unavailable)
rNeg    . . .      Spirit   .   c - +0 leather armour
rPois   .          Reflect  .   (no helmet)
rElec   .          Harm     .   (no cloak)
rCorr   .          Rampage  .   (no gloves)
Will    .....                   m - +0 pair of boots
Stlth   ++........              (no amulet)
HPRegen 0.08/turn               (no ring)
MPRegen 0.11/turn               (no ring)

@: lethally poisoned (-2 -> -15)
A: no striking features
a: Renounce Religion


You were on level 3 of the Dungeon.
You worshipped Vehumet.
Vehumet was noncommittal.
You visited 1 branch of the dungeon, and saw 3 of its levels.

You collected 147 gold pieces.

Inventory:

Hand Weapons
 a - a +0 shortbow (weapon)
Missiles
 k - 6 curare-tipped darts
Armour
 c - a +0 leather armour (worn)
 g - an orb of light
 m - a +0 pair of boots (worn)
 s - a +0 buckler
Wands
 l - a wand of charming (8)
Scrolls
 b - 2 scrolls of immolation
 h - 3 scrolls of teleportation {unknown}
 i - a scroll of enchant weapon {unknown}
 n - a scroll of poison {unknown}
 o - a scroll of identify {unknown}
 t - a scroll of butterflies {unknown}
Potions
 d - a potion of invisibility {unknown}
 e - 3 potions of degeneration {unknown}
 f - 3 potions of mutation {unknown}
 j - 4 potions of curing {unknown}
 p - 2 potions of might {unknown}
 q - a potion of cancellation {unknown}
 r - a potion of attraction {unknown}


   Skills:
 + Level 2.2 Fighting
 + Level 6.6 Ranged Weapons
 + Level 0.6 Armour
 + Level 2.6 Dodging
 + Level 1.2 Stealth
 * Level 2.1 Spellcasting


You had 7 spell levels left.
You didn't know any spells.
Your spell library contained the following spells:

 Spells                   Type           Power      Damage    Failure   Level
 Beastly Appendage        Tmut           2%         N/A       32%         1
 Sandblast                Erth           2%         2d4       32%         1
 Passwall                 Tmut/Erth      0%         N/A       43%         2
 Wereblood                Tmut           1%         N/A       43%         2
 Spider Form              Tmut/Pois      1%         N/A       67%         3
 Stone Arrow              Conj/Erth      2%         3d7       67%         3


Dungeon Overview and Level Annotations

Branches:
Dungeon (3/15)

Altars:
Vehumet


Message History

You shoot an arrow.
The arrow hits the scorpion but does no damage.
The scorpion is moderately wounded.
The scorpion stings you. x2
You are poisoned.
The scorpion poisons you!
You shoot an arrow.
The arrow hits the scorpion but does no damage.
The scorpion is moderately wounded.
You feel very sick. The scorpion stings you.
You are too injured to fight recklessly!
You are too injured to fight recklessly!
You are too injured to fight recklessly!
You are too injured to fight recklessly!
Unknown command.
Fire: a) +0 shortbow
Press: ? - help, Q - select action, (/) - cycle Shift-Dir - straight line, f/p - scorpion
Aim: a scorpion (moderately wounded, 65% to hit)
You shoot an arrow. The arrow closely misses the scorpion.
* * * LOW HITPOINT WARNING * * *
You feel very sick. The scorpion stings you.
* * * LOW HITPOINT WARNING * * *
You are more poisoned.
The scorpion poisons you!
Fire: a) +0 shortbow
Press: ? - help, Q - select action, (/) - cycle Shift-Dir - straight line, f/p - scorpion
Aim: a scorpion (moderately wounded, 65% to hit)
You shoot an arrow.
The arrow completely misses the scorpion.
* * * LOW HITPOINT WARNING * * *
You feel very sick. The scorpion misses you. The scorpion barely misses you.
Fire: a) +0 shortbow
Press: ? - help, Q - select action, (/) - cycle Shift-Dir - straight line, f/p - scorpion
Aim: a scorpion (moderately wounded, 65% to hit)
You shoot an arrow. The arrow hits the scorpion.
The scorpion is heavily wounded.
You die...

#.# #.......#
#.# #..
........# #)#
### #......##
#.# ####.####
###.###..>.#..#
..............#
###.###.##.._.#
#.###.##....#
#...s@####..#
####### ####
#.# #.#


You could see a scorpion.

Vanquished Creatures
  3 adders
  2 worms
  A dart slug (D:3)
  3 orcs
  5 ball pythons
  5 endoplasms
  4 giant cockroaches (D:1)
  4 goblins
  3 hobgoblins
  4 jackals (D:2)
  2 quokkas
  5 bats
  5 frilled lizards
  7 kobolds
  6 rats
59 creatures vanquished.

Vanquished Creatures (others)
  A plant (D:1)
1 creature vanquished.

Grand Total: 60 creatures vanquished

Notes
Turn   | Place    | Note
-------+----------+-------------------------------------------
     0 | D:1      | jimonade the Deep Elf Hunter began the quest for the Orb.
     0 | D:1      | Reached XP level 1. HP: 12/12 MP: 3/3
   141 | D:1      | Reached skill level 1 in Spellcasting
   203 | D:1      | Reached XP level 2. HP: 9/16 MP: 5/5
  1140 | D:2      | Reached skill level 6 in Ranged Weapons
  1184 | D:2      | Reached XP level 3. HP: 21/21 MP: 7/7
  1700 | D:2      | Found a faded altar of an unknown god.
  1853 | D:2      | Reached XP level 4. HP: 26/26 MP: 8/8
  2418 | D:3      | Found a radiant altar of Vehumet.
  2424 | D:3      | Became a worshipper of Vehumet
  2432 | D:3      | Noticed a scorpion
  2440 | D:3      | Succumbed to a scorpion's poison

Illustrated notes

Levels and vault maps discovered:
D:1:      kilobyte_arrival_exit_the_forest, layout_loops_ring,
          kennysheep_small_spiral, serial_bayou_pond_c
D:2:      layout_basic, dreamdust_ecumenical_altar_hidden_monk_grotto,
          kennysheep_generic_room_9
D:3:      layout_loops_ring, mainiacjoe_overflow_alcove_1

Skill      XL: |  1  2  3  4 |
---------------+-------------+-----
Spellcasting   | 1 2 |  2.1
Ranged Weapons | 6 |  6.6
Fighting       | 2 |  2.2
Armour         | |  0.6
Dodging        | |  2.6
Stealth        | |  1.2

Action                   |  1- 3 |  4- 6 || total
-------------------------+-------+-------++-------
 Fire: Shortbow          |    96 |    44 ||   140
Armor: Leather armour    |    15 |     2 ||    17
Dodge: Dodged            |    26 |     5 ||    31

Table legend: (Time is in decaauts)
 A = Elapsed time spent in this place.
 B = Non-inter-level travel time spent in this place.
 C = Inter-level travel time spent in this place.
 D = Time resting spent in this place.
 E = Time spent auto-exploring this place.
 F = Levels seen in this place.
 G = Mean time per level.
                   A        B        C        D        E       F      G
               +--------+--------+--------+--------+--------+-----+--------+
         Total |   2489 |   2353 |    136 |      0 |   2066 |   3 |  829.7 |
       Dungeon |   2489 |   2353 |    136 |      0 |   2066 |   3 |  829.7 |
               +--------+--------+--------+--------+--------+-----+--------+

Top non-repeatable levels by time:
     D:1: 1120 daAuts
     D:2: 1008 daAuts
     D:3: 361 daAuts
